 Dungeon Crawl Stone Soup version 0.30-a0-161-gdd60e06945 (webtiles) character file.

Game seed: 7930050703750703089

1261 qw the Chopper (level 8, -6/50 HPs)
             Began as a Gargoyle Fighter on Sept 27, 2022.
             Mangled by a gnoll sergeant
             ... wielding a +0 spear
              (10 damage)
             ... on level 5 of the Dungeon.
             The game lasted 00:02:06 (5072 turns).

qw the Chopper (Gargoyle Fighter)                   Turns: 5072, Time: 00:02:07

Health: -6/50      AC: 22    Str: 21    XL:     8   Next: 52%
Magic:  8/8        EV:  6    Int: 10    God:
Gold:   238        SH:  4    Dex:  9    Spells: 7/7 levels left

rFire   + . .      SeeInvis .    Y - +1 war axe (freeze)
rCold   . . .      Faith    .    c - +0 buckler
rNeg    + . .      Spirit   .    p - +0 plate armour
rPois   inf        Reflect  .    (no helmet)
rElec   +          Harm     .    j - +0 cloak
rCorr   .          Rampage  .    m - +1 pair of gloves
Will    .....                    h - +0 pair of boots
Stlth   ..........               (no amulet)
HPRegen 0.16/turn                a - ring of protection from fire
MPRegen 0.11/turn                (no ring)

@: no status effects
A: sickness immunity, AC +5, negative energy resistance 1, electricity
resistance, torment resistance 1, petrification resistance
a: no special abilities


You were on level 5 of the Dungeon.
You visited 1 branch of the dungeon, and saw 5 of its levels.

You collected 238 gold pieces.


Innate Abilities, Weirdness & Mutations

You are immune to sickness and miasma.
Your stone body is resilient. (AC +5)
You are immune to poison.
You resist negative energy. (rN+)
You are resistant to electric shocks. (rElec)
You are resistant to unholy torment.
You are immune to petrification.


   Skills:
 - Level 5.4 Fighting
 + Level 7.8 Axes
 - Level 5.0 Armour
 - Level 1.3 Dodging
 - Level 3.2 Shields


You had 7 spell levels left.
You didn't know any spells.
Your spell library was empty.

Inventory:

Hand Weapons
 r - a +0 flail
 Y - a +1 war axe of freezing (weapon)
Armour
 c - a +0 buckler (worn)
 h - a +0 pair of boots (worn)
 j - a +0 cloak (worn)
 m - a +1 pair of gloves (worn)
 p - a +0 plate armour (worn)
Jewellery
 a - a ring of protection from fire (left hand)
Scrolls
 n - 2 scrolls of identify
Potions
 b - a potion of brilliance {unknown}
 d - a potion of might
 e - a potion of mutation
 k - a potion of magic {unknown}
 l - a potion of haste {unknown}
 o - a potion of ambrosia {unknown}
 q - 2 potions of curing {unknown}
 t - a potion of attraction {unknown}

Dungeon Overview and Level Annotations

Branches:
Dungeon (5/15)
 Temple: D:4-7

Altars:
Qazlal
Yredelemnul

Shops:
D:5 ?


Message History

You hit the wight but do no damage.
The wight is moderately damaged.
The gnoll sergeant barely misses you. The wight hits you with a +3 halberd.
You closely miss the wight.
The wight is moderately damaged.
The gnoll sergeant hits you from afar with a +0 spear.
The wight closely misses you.
You slash the wight! You freeze the wight.
You destroy the wight!
The gnoll sergeant hits you but does no damage.
The gnoll sergeant hits you but does no damage.
You hit the gnoll sergeant but do no damage.
The gnoll sergeant completely misses you.
You hit the gnoll sergeant. You freeze the gnoll sergeant.
The gnoll sergeant is moderately wounded.
The gnoll sergeant hits you with a +0 spear.
You barely miss the gnoll sergeant.
The gnoll sergeant is moderately wounded.
The gnoll sergeant hits you with a +0 spear.
The gnoll sergeant hits you with a +0 spear!
You barely miss the gnoll sergeant.
The gnoll sergeant is moderately wounded.
The gnoll sergeant barely misses you.
You hit the gnoll sergeant. You freeze the gnoll sergeant.
The gnoll sergeant is heavily wounded.
The gnoll sergeant hits you but does no damage.
You completely miss the gnoll sergeant.
The gnoll sergeant is heavily wounded.
The gnoll sergeant hits you but does no damage.
You barely miss the gnoll sergeant.
The gnoll sergeant is heavily wounded.
The gnoll sergeant closely misses you.
You closely miss the gnoll sergeant.
The gnoll sergeant is heavily wounded.
The gnoll sergeant hits you but does no damage.
The gnoll sergeant closely misses you.
You hit the gnoll sergeant. You freeze the gnoll sergeant.
The gnoll sergeant is severely wounded.
The gnoll sergeant hits you with a +0 spear!
You die...

...........##...........
.........#.##..# .......
........#.....[# .......
.......###..>.# .......
..%.....#.....# .....#.
.....#.....#..# .......
.....##..###..###).....#
.....##..#.#...).).....#
....<##.........@.......
.....###.#......g...#...
.........#.......[..# .
......#..#..........#
.#...##......##....##
.##...#.#...# ##...#
.##........# ##..#
..###......## ...
............#


You could see a gnoll sergeant.

Vanquished Creatures
  A water moccasin (D:5)
  2 black bears (D:5)
  2 ogres
  A necrophage (D:5)
  A scorpion (D:5)
  3 wights (D:5)
  7 hounds
  A jelly (D:5)
  An iguana (D:5)
  An orc wizard (D:5)
  11 gnolls
  4 adders
  A white imp (D:5)
  A worm (D:3)
  6 orcs
  7 endoplasms
  4 giant cockroaches
  6 goblins
  4 hobgoblins
  7 jackals
  8 quokkas
  5 ball pythons
  4 bats
  A frilled lizard (D:1)
  8 kobolds
  9 rats
106 creatures vanquished.

Vanquished Creatures (others)
  30 plants (D:3)
30 creatures vanquished.

Grand Total: 136 creatures vanquished

Notes
Turn   | Place    | Note
-------+----------+-------------------------------------------
     0 | D:1      | qw the Gargoyle Fighter began the quest for the Orb.
     0 | D:1      | Reached XP level 1. HP: 14/14 MP: 1/1
     0 | D:1      | 0 ||| qw: Version: 0.2-a-10-g37ed214
     0 | D:1      | 0 ||| qw: Game counter: 714
     0 | D:1      | 0 ||| qw: Always use a shield: true
     0 | D:1      | 0 ||| qw: God list: Okawaru
     0 | D:1      | 0 ||| qw: Allow faded altars: false
     0 | D:1      | 0 ||| qw: Do Orc after D:15 true
     0 | D:1      | 0 ||| qw: Do second Lair branch before Depths: true
     0 | D:1      | 0 ||| qw: Lair rune preference: random
     0 | D:1      | 0 ||| qw: Plans: Normal, Zot:1-4, God:TSO, Crypt, Tomb,
                  | Pan, Slime:5, Hells, Abyss, Orb
     0 | D:1      | 0 ||| PLANNING D:1-11
    45 | D:1      | Reached skill level 2 in Axes
   270 | D:1      | 270 ||| DROPPING +0 club.
   422 | D:1      | Reached XP level 2. HP: 19/19 MP: 2/2
   914 | D:1      | 914 ||| Stepping ~*~*~tactically~*~*~ (stealth).
   915 | D:1      | 915 ||| Stepping ~*~*~tactically~*~*~ (stealth).
   931 | D:1      | 931 ||| Stepping ~*~*~tactically~*~*~ (stealth).
   945 | D:1      | 945 ||| Stepping ~*~*~tactically~*~*~ (stealth).
   947 | D:1      | Reached skill level 3 in Axes
  1091 | D:1      | Reached XP level 3. HP: 23/23 MP: 3/3
  1377 | D:1      | 1377 ||| UPGRADING to +0 cloak.
  1382 | D:1      | 1382 ||| UPGRADING to +0 pair of gloves.
  1387 | D:1      | 1387 ||| READING scroll labelled ZOGUME DOTUME.
  1388 | D:1      | 1388 ||| READING scroll labelled SUED GETA SOBO.
  1389 | D:1      | 1389 ||| READING 2 scrolls labelled ZECRES FILUSK.
  1390 | D:1      | 1390 ||| READING scroll labelled ILICWO CUCZE.
  1391 | D:1      | 1391 ||| DROPPING scroll of noise.
  1492 | D:2      | 1492 ||| Stepping ~*~*~tactically~*~*~ (stealth).
  1498 | D:2      | 1498 ||| Stepping ~*~*~tactically~*~*~ (stealth).
  1774 | D:2      | 1774 ||| Stepping ~*~*~tactically~*~*~ (hiding).
  1916 | D:2      | You fall into a shaft and drop 1 floor!
  1917 | D:3      | 1917 ||| UPGRADING to ring of protection from fire.
  1924 | D:3      | 1924 ||| FLEEEEING.
  1925 | D:3      | 1925 ||| STAIRDANCE
  2051 | D:2      | 2051 ||| Stepping ~*~*~tactically~*~*~ (hiding).
  2052 | D:2      | 2052 ||| Stepping ~*~*~tactically~*~*~ (hiding).
  2253 | D:2      | 2253 ||| Stepping ~*~*~tactically~*~*~ (stealth).
  2547 | D:2      | 2547 ||| UPGRADING to +0 pair of boots.
  2552 | D:2      | 2552 ||| UPGRADING to +0 chain mail.
  2562 | D:2      | 2562 ||| DROPPING +0 scale mail.
  2563 | D:2      | 2563 ||| UPGRADING to +0 plate armour.
  2573 | D:2      | 2573 ||| DROPPING +0 chain mail.
  2574 | D:2      | 2574 ||| READING scroll labelled GUNEID BUKIMILL.
  2575 | D:2      | 2575 ||| READING scroll labelled YHOBEURADA.
  2610 | D:3      | Reached XP level 4. HP: 25/28 MP: 4/4
  2656 | D:3      | Reached skill level 4 in Axes
  2727 | D:3      | 2727 ||| Stepping ~*~*~tactically~*~*~ (stealth).
  2728 | D:3      | 2728 ||| Stepping ~*~*~tactically~*~*~ (stealth).
  2845 | D:3      | 2845 ||| READING scroll of enchant armour.
  2845 | D:3      | 2845 ||| ENCHANTING +0 pair of gloves.
  2897 | D:3      | Found a basalt altar of Yredelemnul.
  2898 | D:3      | 2898 ||| Stepping ~*~*~tactically~*~*~ (stealth).
  2911 | D:3      | Reached XP level 5. HP: 32/32 MP: 5/5
  2929 | D:3      | 2929 ||| Stepping ~*~*~tactically~*~*~ (stealth).
  2935 | D:3      | 2935 ||| Stepping ~*~*~tactically~*~*~ (stealth).
  2947 | D:3      | 2947 ||| DROPPING +0 whip.
  3061 | D:3      | Found a stormy altar of Qazlal.
  3138 | D:3      | 3138 ||| DROPPING amulet of magic regeneration.
  3139 | D:3      | 3139 ||| READING 2 scrolls labelled TIMILAG HIUC.
  3140 | D:3      | 3140 ||| READING scroll labelled DUARALLONU.
  3141 | D:3      | 3141 ||| READING 3 scrolls of identify.
  3141 | D:3      | 3141 ||| IDENTIFYING murky pink potion
  3142 | D:3      | 3142 ||| READING 2 scrolls of identify.
  3142 | D:3      | 3142 ||| IDENTIFYING bubbling clear potion
  3143 | D:3      | 3143 ||| DROPPING potion of berserk rage.
  3144 | D:3      | 3144 ||| DROPPING scroll of blinking.
  3568 | D:4      | Noticed an ogre
  3574 | D:4      | Killed an ogre
  3575 | D:4      | Reached skill level 5 in Axes
  3575 | D:4      | Reached XP level 6. HP: 35/37 MP: 6/6
  3734 | D:4      | 3734 ||| READING scroll labelled OWIAMU WUSOEK.
  3735 | D:4      | 3735 ||| READING scroll labelled SOTTAN LIEGIF.
  3736 | D:4      | 3736 ||| READING scroll labelled FARYHYSENT.
  3737 | D:4      | 3737 ||| READING scroll labelled AMOMUN XIHOZUA.
  3770 | D:5      | Entered Level 5 of the Dungeon
  3820 | D:5      | Noticed a water moccasin
  3821 | D:5      | 3821 ||| Stepping ~*~*~tactically~*~*~ (stealth).
  3833 | D:5      | 3833 ||| Stepping ~*~*~tactically~*~*~ (stealth).
  3837 | D:5      | Killed a water moccasin
  3838 | D:5      | Reached skill level 6 in Axes
  3838 | D:5      | Reached XP level 7. HP: 26/43 MP: 7/7
  3974 | D:5      | 3974 ||| Stepping ~*~*~tactically~*~*~ (stealth).
  3975 | D:5      | 3975 ||| Stepping ~*~*~tactically~*~*~ (stealth).
  3977 | D:5      | HP: 7/43 [ogre/+0 giant spiked club (5)]
  3978 | D:5      | 3978 ||| READING scroll of teleportation.
  4259 | D:5      | Found Koseklis's Magic Scroll Boutique.
  4279 | D:5      | Reached skill level 7 in Axes
  4499 | D:5      | 4499 ||| FLEEEEING.
  4500 | D:5      | 4500 ||| FLEEEEING.
  4509 | D:5      | 4509 ||| STAIRDANCE
  4642 | D:4      | 4642 ||| READING 2 scrolls of identify.
  4642 | D:4      | 4642 ||| IDENTIFYING cyan potion
  4643 | D:4      | 4643 ||| DROPPING potion of flight.
  4661 | D:5      | 4661 ||| Stepping ~*~*~tactically~*~*~ (stealth).
  4673 | D:5      | Reached XP level 8. HP: 47/50 MP: 8/8
  4691 | D:5      | 4691 ||| FLEEEEING.
  4764 | D:5      | 4764 ||| Stepping ~*~*~tactically~*~*~ (stealth).
  4776 | D:5      | 4776 ||| FLEEEEING.
  4779 | D:5      | 4779 ||| FLEEEEING.
  4780 | D:5      | 4780 ||| FLEEEEING.
  4781 | D:5      | 4781 ||| FLEEEEING.
  4782 | D:5      | 4782 ||| FLEEEEING.
  4788 | D:5      | 4788 ||| FLEEEEING.
  4789 | D:5      | 4789 ||| FLEEEEING.
  4790 | D:5      | 4790 ||| FLEEEEING.
  4791 | D:5      | 4791 ||| FLEEEEING.
  4792 | D:5      | 4792 ||| FLEEEEING.
  4806 | D:5      | 4806 ||| Stepping ~*~*~tactically~*~*~ (stealth).
  4821 | D:5      | 4821 ||| Stepping ~*~*~tactically~*~*~ (stealth).
  4837 | D:5      | Reached skill level 1 in Dodging
  4917 | D:5      | 4917 ||| FLEEEEING.
  4918 | D:5      | 4918 ||| FLEEEEING.
  5066 | D:5      | HP: 3/50 [gnoll sergeant/+0 spear (10)]
  5072 | D:5      | Mangled by a gnoll sergeant

Levels and vault maps discovered:
D:1:      shiori_arrival_oz, layout_basic
D:2:      layout_loops_ring, serial_bayou_ford_a
D:3:      wad_woods_stonehenge, layout_rooms, lemuel_tele_altar
D:4:      layout_rooms
D:5:      layout_cave_pools, grunt_temple_overflow_diamond, serial_gnoll_camp,
          gnoll_camp_mini_loothouse, gnoll_camp_mini_sergeant,
          gnoll_camp_huts_basic, gnoll_camp_mini_basic, grums_kennel,
          roderic_lattice_a, nicolae_inconvenience_store

Skill      XL: |  1  2  3  4  5  6  7  8 |
---------------+-------------------------+-----
Axes           | 2 3 4 5 6 7 |  7.8
Fighting       | 4 5 |  5.4
Armour         | 4 5 |  5.0
Dodging        | 1 |  1.3
Shields        | |  3.2

Action                   |  1- 3 |  4- 6 |  7- 9 || total
-------------------------+-------+-------+-------++-------
Melee: War axe           |   174 |    99 |   124 ||   397
  Use: Scroll            |     6 |     9 |     2 ||    17
Armor: Scale mail        |    86 |       |       ||    86
       Plate armour      |     5 |    71 |   112 ||   188
Dodge: Dodged            |    74 |    18 |    33 ||   125
Block: Buckler           |    32 |    10 |    21 ||    63

Table legend:
 A = Non-vault XP
 B = Vault XP
 C = Vault XP percentage of total XP
 D = Non-vault monster count
 E = Vault monster count
 F = Vault count percentage of total count
                 A         B        C        D         E       F
            +---------+---------+-------+---------+---------+-------
      Total |    1441 |     361 |  20.0 |      82 |      24 |  22.6
            +---------+---------+-------+---------+---------+-------
        D:1 |      45 |       2 |   4.3 |      28 |       1 |   3.4
        D:2 |      33 |       0 |   0.0 |      16 |       0 |   0.0
        D:3 |      78 |      54 |  40.9 |       9 |       8 |  47.1
        D:4 |     139 |       0 |   0.0 |       8 |       0 |   0.0
        D:5 |    1146 |     305 |  21.0 |      21 |      15 |  41.7
            +---------+---------+-------+---------+---------+-------
